 Dungeon Crawl Stone Soup version 0.26-a0-1020-ge47f559bc5 (webtiles) character file.

Game seed: 11508292859110279144

1230 KristoblXynda the Nimble (level 8, 0/42 HPs)
             Began as a Spriggan Berserker on Dec 8, 2020.
             Was an Elder of Trog.
             Slain by a black bear (5 damage)
             ... on level 6 of the Dungeon.
             The game lasted 00:09:20 (7288 turns).

KristoblXynda the Nimble (Spriggan Berserker)       Turns: 7288, Time: 00:09:21

Health: 0/42       AC: -2    Str: 13    XL:     8   Next: 24%
Magic:  9/9        EV: 24    Int:  8    God:    Trog [****..]
Gold:   386        SH:  0    Dex: 18    Spells: 7/7 levels left

rFire    . . .     SeeInvis +   e - +0 dagger
rCold    . . .     Faith    .   (shield restricted)
rNeg     . . .     Spirit   .   b - +0 animal skin
rPois    .         Reflect  .   (helmet restricted)
rElec    .         Harm     .   (no cloak)
rCorr    .         Rampage  .   (gloves unavailable)
Will     +....                  (boots unavailable)
Stlth    +++++.....             (no amulet)
HPRegen  0.14/turn              h - ring of stealth
MPRegen  0.11/turn              (no ring)

@: corroded, berserk cooldown, slowed, quick
A: very small, unfitting armour, see invisible, speed 3
a: Berserk, Trog's Hand, Brothers in Arms, Renounce Religion


You were on level 6 of the Dungeon.
You worshipped Trog.
Trog was greatly pleased with you.
You visited 2 branches of the dungeon, and saw 7 of its levels.
You also visited: Sewer.

You collected 416 gold pieces.
You spent 30 gold pieces at shops.

Inventory:

Hand Weapons
 e - a +0 dagger (weapon)
Armour
 b - a +0 animal skin (worn)
 j - a +0 buckler
Jewellery
 h - a ring of stealth (left hand)
Wands
 i - a wand of enslavement (8)
Scrolls
 a - 2 scrolls of remove curse
 k - a scroll of identify
 l - a scroll of teleportation
 q - a scroll of enchant weapon
Potions
 c - 2 potions of brilliance
 d - a potion of magic {unknown}
 f - 4 potions of curing
 g - a potion of heal wounds
 m - a potion of degeneration {unknown}
 n - 2 potions of flight {unknown}
 o - a potion of might {unknown}
 p - a potion of haste {unknown}
 r - a potion of lignification {unknown}


   Skills:
 + Level 4.8 Fighting
 + Level 6.3 Short Blades
 + Level 8.4 Dodging
 + Level 7.5 Stealth


You had 7 spell levels left.
You didn't know any spells.
Your spell library contained the following spells:

 Spells                   Type           Power        Failure   Level
 Magic Dart               Conj           #...         41%         1
 Searing Ray              Conj           #.....       54%         2
 Dazzling Flash           Conj/Hex       #.....       78%         3
 Fulminant Prism          Conj/Hex       #.........   99%         4
 Iskenderun's Mystic Bla  Conj/Tloc      #.......     99%         4


Dungeon Overview and Level Annotations

Branches:
Dungeon (6/15)             Temple (1/1) D:4           Sewer (visited)

Altars:
Elyvilon
Fedhas
Gozag
Hepliaklqana
Kikubaaqudgha
Nemelex Xobeh
Qazlal
Ru
Sif Muna
Trog
Uskayaw
Vehumet
Wu Jian
Xom
Yredelemnul
The Shining One

Shops:
D:5 *[


Innate Abilities, Weirdness & Mutations

You are very small and have problems with some larger weapons.
You are too small for most types of armour.
You have supernaturally acute eyesight. (SInv)
You cover ground extremely quickly.


Message History

The black bear is heavily wounded.
You are no longer berserk.
You are exhausted.
You feel yourself slow down.
You hit the black bear but do no damage.
The black bear is heavily wounded.
The black bear misses you. x2; The black bear claws you.
The black bear misses you. The black bear claws you.
* * * LOW HITPOINT WARNING * * *
The black bear closely misses you.
You hit the black bear but do no damage.
The black bear is heavily wounded.
The black bear bites you.
* * * LOW HITPOINT WARNING * * *
The black bear barely misses you. The black bear misses you.
You closely miss the black bear.
The black bear is heavily wounded.
The black bear misses you. The black bear completely misses you.
The black bear claws you.
You die...

............ #####.###
#########..# ........
..# ##'#
.......######.# ##...
......##...#.####....
....$...#......#....
#......#........##.
####.h....#.#..#......
#....@....#.##.######.
#...†.......)#.# ###)
#........##......##..)
#......####......##.##
#......# #......##. #
#......# #......## #
#......# ##..<.##
######## ....# .....


You could see a black bear.

Vanquished Creatures
  Purgy (Sewer)
  2 sky beasts (D:5)
  2 ogres
  A centaur (D:5)
  A scorpion (D:5)
  2 howler monkeys
  A vampire bat (D:5)
  2 jellies
  2 hounds
  An orc priest (D:6)
  A bullfrog skeleton (D:5)
  Terence (D:2)
  An orc wizard (D:3)
  2 worker ants (D:5)
  4 gnolls (D:5)
  8 adders
  2 worms
  3 dart slugs
  6 leopard geckos
  19 orcs
  A ball python (D:2)
  10 bats
  2 bat skeletons (D:5)
  4 bat zombies (D:5)
  3 giant cockroaches
  6 goblins
  10 hobgoblins
  3 jackals (D:3)
  2 quokkas
  8 frilled lizards
  2 jackal skeletons
  2 jackal zombies (D:6)
  4 kobolds
  A quokka zombie (D:5)
  12 rats
132 creatures vanquished.

Vanquished Creatures (others)
  A plant (D:1)
1 creature vanquished.

Grand Total: 133 creatures vanquished

Notes
Turn   | Place    | Note
-------+----------+-------------------------------------------
     0 | D:1      | KristoblXynda the Spriggan Berserker began the quest for
                  | the Orb.
     0 | D:1      | Reached XP level 1. HP: 11/11 MP: 2/2
   162 | D:1      | Reached skill level 1 in Stealth
   460 | D:1      | Reached XP level 2. HP: 16/16 MP: 3/3
  1218 | D:1      | Reached ** piety under Trog
  1219 | D:1      | Reached XP level 3. HP: 19/19 MP: 4/4
  1346 | D:2      | Found a faded altar of an unknown god.
  1371 | D:2      | Reached skill level 5 in Dodging
  1728 | D:2      | Found a stormy altar of Qazlal.
  1877 | D:2      | Found a bloodstained altar of Trog.
  2102 | D:2      | Reached XP level 4. HP: 22/23 MP: 5/5
  2505 | D:2      | Noticed Terence
  2508 | D:2      | Killed Terence
  2614 | D:3      | Found a white marble altar of Elyvilon.
  2871 | D:3      | Reached XP level 5. HP: 28/28 MP: 6/6
  2966 | D:3      | Reached *** piety under Trog
  3201 | D:3      | Found a basalt altar of Yredelemnul.
  3608 | D:4      | Noticed an ogre
  3613 | D:4      | Found a staircase to the Ecumenical Temple.
  3615 | D:4      | Killed an ogre
  3616 | D:4      | Reached skill level 6 in Dodging
  3625 | Temple   | Entered the Ecumenical Temple
  3711 | D:4      | Reached XP level 6. HP: 32/32 MP: 7/7
  3985 | D:4      | Found a radiant altar of Vehumet.
  4339 | D:5      | Entered Level 5 of the Dungeon
  4345 | D:5      | Found a sparkling altar of Nemelex Xobeh.
  4384 | D:5      | Found Yrphoekk's General Store.
  4402 | D:5      | Bought a scroll of remove curse for 30 gold pieces
  4460 | D:5      | Found a glowing drain.
  4492 | Sewer    | Entered a sewer
  4528 | Sewer    | Noticed Purgy
  4545 | Sewer    | Killed Purgy
  4546 | Sewer    | Reached skill level 5 in Short Blades
  4546 | Sewer    | Reached skill level 5 in Stealth
  4886 | D:5      | Noticed a sky beast
  4898 | D:5      | Killed a sky beast
  4899 | D:5      | Reached skill level 7 in Dodging
  4899 | D:5      | Reached XP level 7. HP: 37/37 MP: 8/8
  5419 | D:5      | Found Sucsycus's Armour Boutique.
  5871 | D:5      | Reached **** piety under Trog
  6366 | D:5      | Found an ancient bone altar of Kikubaaqudgha.
  6539 | D:5      | Reached skill level 8 in Dodging
  6539 | D:5      | Reached XP level 8. HP: 42/42 MP: 9/9
  7288 | D:6      | Slain by a black bear

Illustrated notes

Levels and vault maps discovered:
D:1:      nicolae_arrival_memento_mori, layout_loops_cross, serial_forest,
          infiniplex_forest_lined_room_, infiniplex_forest_lined_3_way,
          infiniplex_forest_clump_small, infiniplex_forest_end_double,
          infiniplex_forest_lined_corner, kennysheep_boxes
D:2:      layout_loops_cross, grunt_qazlal_clouds,
          chequers_ecumenical_altar_simple_redux, bloody_trog, uniq_terence
D:3:      layout_basic, overflow_temple_1_default, elyvilon_altar_3,
          bh_walls_and_bars
D:4:      layout_basic, vehumet_altar_wand_db, minmay_temple_entry_stoned_glass
D:5:      layout_rooms, kennysheep_vampire_church, nemelex_altar_shiori,
          serial_shops, shop, shop, gup_sewer_entry_glass,
          serial_co_window_serial, co_window_of_opportunity_a,
          co_window_corner_a, co_window_corner_a, co_window_paths_a,
          co_window_paths_a, co_window_unsneaky_path_c,
          co_window_of_opportunity_b, co_window_corner_b, co_window_cross_4,
          co_window_unsneaky_path_d, co_window_corner_cb,
          co_window_of_opportunity_c, glass_columns_b, glass_columns_b,
          glass_columns_b, glass_columns_b, glass_columns_a
D:6:      layout_basic
Temple:   eino_temple_lava

Skill      XL: |  1  2  3  4  5  6  7 |
---------------+----------------------+-----
Stealth        | 1 2 3 4 5 7 |  7.5
Dodging        | 5 6 7 8 |  8.4
Fighting       | 3 4 |  4.8
Short Blades   | 4 5 6 |  6.3

Action                   |  1- 3 |  4- 6 |  7- 9 || total
-------------------------+-------+-------+-------++-------
Melee: Short sword       |    45 |       |       ||    45
       Dagger            |   123 |   182 |   271 ||   576
Invok: Berserk           |     6 |     6 |     8 ||    20
  Use: Scroll            |       |     8 |       ||     8
 Stab: Sleeping          |     9 |    15 |     9 ||    33
Armor: Animal skin       |     7 |    14 |    21 ||    42
Dodge: Dodged            |   146 |   144 |   189 ||   479

Table legend: (Time is in decaauts)
 A = Elapsed time spent in this place.
 B = Non-inter-level travel time spent in this place.
 C = Inter-level travel time spent in this place.
 D = Time resting spent in this place.
 E = Time spent auto-exploring this place.
 F = Levels seen in this place.
 G = Mean time per level.
                   A        B        C        D        E       F      G
               +--------+--------+--------+--------+--------+-----+--------+
         Total |   5866 |   5782 |     84 |   2449 |   2293 |   8 |  733.2 |
       Dungeon |   5707 |   5623 |     84 |   2381 |   2275 |   6 |  951.2 |
        Temple |     23 |     23 |      0 |      0 |     18 |   1 |   23.0 |
         Sewer |    135 |    135 |      0 |     67 |      0 |   1 |  135.0 |
               +--------+--------+--------+--------+--------+-----+--------+

Top non-repeatable levels by time:
     D:5: 1903 daAuts
     D:1: 1317 daAuts
     D:2: 812 daAuts
     D:4: 684 daAuts
     D:3: 567 daAuts
     D:6: 421 daAuts
   Sewer: 135 daAuts
  Temple: 23 daAuts
